[Event "Ramco Open 2018"]
[Site "Virudhunagar"]
[Date "2018.11.29"]
[Round "1"]
[White "Sairam B Subramaniam"]
[Black "Srihari L R"]
[Result "0-1"]
[ECO "A53"]
[WhiteElo "1232"]
[BlackElo "2282"]
[Annotator "NA RC"]
[PlyCount "46"]
[EventDate "2018.11.29"]
[EventType "swiss"]
[EventCountry "IND"]
[SourceTitle "playchess.com"]
[Source "ChessBase"]
[SourceQuality "1"]
[TimeControl "5400+30"]

1. Nf3 Nf6 2. d4 d6 3. c4 Bg4 4. Nc3 Nbd7 5. Bf4 g6 6. e3 Bg7 7. Be2 Nh5 8. Bg3 c5 9. O-O Nxg3 10. fxg3 cxd4 11. Nxd4 Bxe2 12. Qxe2 O-O 13. Rf2 Rc8 14. Raf1 a6 15. Ne4 Ne5 16. b3 d5 17. cxd5 Qxd5 18. Nd2 Rc3 19. h3 Bh6 20. Kh1 Rxe3 21. Qd1 Qxd4 22. Nf3 {[%emt 0:00:47] Nxf3Rxf3 [%clk 0:38:31] Qxd1Rxd1 [%clk 0:38:55] Rxf3gxf3 [%clk 0:39:16]} Rc8 23. Re1 e6 {[%emt 0:00:03] Re2 [%clk 0:39:15] Rc1+ [%clk 0:56:06] Kg2 [%clk 0:39:36] Rd1 [%clk 0:56:32] f4 [%clk 0:39:40] g5 [%clk 0:56:43] Kf3 [%clk 0:37:31] gxf4 [%clk 0:57:06] gxf4 [%clk 0:37:48] Rf1+ [%clk 0:57:05]} 0-1

[Event "Ramco Open 2018"]
[Site "Virudhunagar"]
[Date "2018.11.30"]
[Round "3"]
[White "Raghul, Saro S"]
[Black "Muthaiah AL"]
[Result "0-1"]
[ECO "A40"]
[WhiteElo "1643"]
[BlackElo "2408"]
[Annotator "RC"]
[PlyCount "116"]
[EventDate "2018.11.29"]
[EventType "swiss"]
[EventCountry "IND"]
[SourceTitle "playchess.com"]
[Source "ChessBase"]
[SourceQuality "1"]
[TimeControl "5400+30"]

1. d4 g6 2. Nf3 Bg7 3. e3 c5 4. c3 b6 5. dxc5 bxc5 6. Qd5 Nc6 7. Qxc5 Nf6 8. Nbd2 O-O 9. Be2 Bb7 10. O-O d6 11. Qa3 a5 12. Rd1 a4 13. Nd4 Qc7 14. Nxc6 Bxc6 15. Bf3 Rfb8 16. Bxc6 Qxc6 17. c4 Nd7 18. Qd3 a3 19. Nb3 axb2 20. Bxb2 Bxb2 21. Rab1 Bf6 22. Nd4 Bxd4 23. exd4 Rxb1 24. Qxb1 Qxc4 25. Qb7 Qa4 26. Re1 e6 27. d5 e5 28. Qc7 Qa5 29. Qc1 Nc5 30. Rf1 Qxa2 31. Qd1 Qc4 32. h3 Kg7 33. Kh1 Ra2 34. Kg1 Nd3 35. Qf3 Qd4 36. g4 Rxf2 37. Rxf2 Qxf2+ 38. Qxf2 Nxf2 39. Kxf2 f5 40. g5 Kf7 41. Ke3 Ke7 42. Kd3 Kd7 43. h4 Kc7 44. Kc3 Kb6 45. Kb4 f4 46. Kc4 e4 47. Kd4 e3 48. Kd3 Kc5 49. Ke2 Kd4 50. h5 Ke4 51. hxg6 hxg6 52. Ke1 f3 53. Kf1 Kd3 54. Kg1 Ke2 55. Kh1 f2 56. Kh2 Kf3 57. Kh3 f1=Q+ 58. Kh4 Qh1# 0-1

[Event "Ramco Open 2018"]
[Site "Virudhunagar"]
[Date "2018.11.30"]
[Round "4"]
[White "Muthaiah AL"]
[Black "Gunasekaran, K.."]
[Result "0-1"]
[ECO "D60"]
[WhiteElo "2408"]
[BlackElo "1987"]
[Annotator "RC"]
[PlyCount "154"]
[EventDate "2018.11.29"]
[EventType "swiss"]
[EventCountry "IND"]
[SourceTitle "playchess.com"]
[Source "ChessBase"]
[SourceQuality "1"]
[TimeControl "5400+30"]

1. d4 d5 2. c4 c6 3. Nc3 Nf6 4. Nf3 e6 5. Bg5 Nbd7 6. e3 Be7 7. Bd3 h6 8. Bh4 b6 9. O-O O-O 10. Qe2 Bb7 11. Rfd1 dxc4 12. Bxc4 Nd5 13. Bg3 Nxc3 14. bxc3 Nf6 15. e4 Re8 16. Ne5 b5 17. Bb3 Qb6 18. c4 c5 19. dxc5 Bxc5 20. cxb5 Rad8 21. Bc2 Bd4 22. Rab1 Ba8 23. Nf3 Bc5 24. a4 Qb7 25. Nd2 Rc8 26. Bd3 Qe7 27. Nb3 Bb4 28. f3 Nh5 29. Bf2 Nf4 30. Qe3 Qg5 31. g3 Nh3+ 32. Kg2 Nxf2 33. Qxg5 hxg5 34. Kxf2 Kf8 35. Rbc1 Ke7 36. Rxc8 Rxc8 37. Rc1 Rxc1 38. Nxc1 Bc5+ 39. Ke2 Bg1 40. Kf1 Be3 41. Nb3 Kd6 42. Ke2 Bg1 43. h3 g6 44. g4 Ke5 45. Na5 Bc5 46. Nb3 Bb6 47. a5 Bg1 48. Kd2 f5 49. Kc3 Bf2 50. Kc4 Be1 51. a6 Bf2 52. Nc5 Kd6 53. Na4 Kc7 54. gxf5 gxf5 55. Kc3 Kd6 56. Kb4 Be1+ 57. Kc4 Bf2 58. Bc2 Bg1 59. Bb1 Bf2 60. Kd3 Bg1 61. Ke2 Ke5 62. Bc2 Bd4 63. Kd2 Bg1 64. Kc3 Kd6 65. Kc4 Bf2 66. Nc3 Ke5 67. Nd1 Bb6 68. Nb2 Kf4 69. Na4 Bg1 70. b6 axb6 71. Kb5 Kxf3 72. exf5 exf5 73. Bxf5 Kf4 74. Nxb6 Bxb6 75. Bc8 Ba7 76. Kc4 Bg2 77. Be6 Bf1+ {[%emt 0:02:02] Kd4 [%clk 0:00:00] Ke5+Bg4+ [%clk 0:00:00] Kf4+ [%clk 0:00:00]} 0-1

[Event "Ramco Open 2018"]
[Site "Virudhunagar"]
[Date "2018.11.30"]
[Round "4"]
[White "Srihari L R"]
[Black "Prakashram R"]
[Result "1-0"]
[ECO "A05"]
[WhiteElo "2282"]
[BlackElo "1953"]
[Annotator "RC"]
[PlyCount "43"]
[EventDate "2018.11.29"]
[EventType "swiss"]
[EventCountry "IND"]
[SourceTitle "playchess.com"]
[Source "ChessBase"]
[SourceQuality "1"]
[TimeControl "5400+30"]

1. Nf3 c5 2. g3 Nf6 3. Bg2 g6 4. b3 Bg7 5. Bb2 O-O 6. O-O d5 7. c4 d4 8. b4 Nfd7 9. d3 e5 10. Nbd2 Re8 11. Ne4 Qc7 12. bxc5 Nxc5 13. Nxc5 Qxc5 14. Nd2 Nc6 15. a4 a5 16. Ne4 Qe7 17. Ba3 Nb4 18. c5 Rd8 19. Qd2 Nc6 20. Nd6 Be6 21. Rfb1 Rab8 22. Rb6 1-0

[Event "Ramco Open 2018"]
[Site "Virudhunagar"]
[Date "2018.11.30"]
[Round "4"]
[White "Harshad S"]
[Black "Ravi, Thandalam Shanmugam"]
[Result "1/2-1/2"]
[ECO "C54"]
[WhiteElo "1939"]
[BlackElo "2294"]
[Annotator "RC"]
[PlyCount "41"]
[EventDate "2018.11.29"]
[EventType "swiss"]
[EventCountry "IND"]
[SourceTitle "playchess.com"]
[Source "ChessBase"]
[SourceQuality "1"]
[TimeControl "5400+30"]

1. e4 e5 2. Nf3 Nc6 3. Bc4 Bc5 4. c3 Nf6 5. d4 exd4 6. e5 d5 7. Bb5 Ne4 8. cxd4 Bb6 9. Be3 O-O 10. O-O f6 11. exf6 Qxf6 12. Nc3 Nxc3 13. bxc3 Bg4 14. Be2 Bxf3 15. Bxf3 Rad8 16. Be2 Ne7 17. Qd2 c6 18. Bg5 Qf7 19. Bh5 g6 20. Rfe1 Rd7 21. Bg4 1/2-1/2

[Event "Ramco Open 2018"]
[Site "Virudhunagar"]
[Date "2018.12.01"]
[Round "6"]
[White "Srihari L R"]
[Black "Chaithanyaa K G"]
[Result "1-0"]
[ECO "A14"]
[WhiteElo "2282"]
[BlackElo "2005"]
[Annotator "NA"]
[PlyCount "97"]
[EventDate "2018.11.29"]
[EventType "swiss"]
[EventCountry "IND"]
[SourceTitle "playchess.com"]
[Source "ChessBase"]
[SourceQuality "1"]
[TimeControl "5400+30"]

1. Nf3 Nf6 2. c4 e6 3. b3 d5 4. Bb2 Be7 5. g3 O-O 6. Bg2 b6 7. O-O Bb7 8. e3 Nbd7 9. Qe2 Re8 10. Rd1 {[%emt 0:02:07] LiveBook: 6 Games A14: English Opening: 1...e6 with b3 by White} (10. d4 Ne4 11. Nbd2 Ndf6 12. Rfd1 a5 13. a3 Bd6 14. Ne5 Qe7 15. Nf1 Bxe5 16. dxe5 Nd7 17. Qc2 Rac8 {1-0 (30) Movsesian,S (2673)-Meskovs,N (2489) Tallinn 2016}) 10... Bf8 11. d4 c5 $146 ({Predecessor:} 11... Rc8 12. Nc3 Bb4 13. Rac1 Qe7 14. Ne1 c6 15. Nd3 Ba6 16. Nxb4 Qxb4 17. Nb1 dxc4 {½-½ (43) Santos Ruiz,M (2510)-Ranaivoharisoa,A (2142) Caleta 2018}) 12. Nc3 Rc8 13. Rac1 cxd4 14. Nxd4 Bb4 15. cxd5 Bxc3 16. dxe6 Bxg2 17. exd7 Qxd7 18. Kxg2 Bxd4 $16 19. Rxd4 Qxd4 20. Rxc8 Qe4+ 21. f3 Qb1 22. Rxe8+ Nxe8 23. Bd4 Nd6 24. e4 h6 25. Bf2 Kh7 26. Qa6 Qc2 27. Qxa7 Nxe4 28. Qxb6 Nd2 29. Qa6 Nb1 30. Qc4 Qxa2 31. Qxf7 Nd2 32. Qf5+ Kh8 33. b4 Qc4 34. Qf8+ Kh7 35. g4 Qf1+ 36. Kg3 Qe2 37. Qf5+ Kh8 38. Qc8+ Kh7 39. Qc2+ Kh8 40. Qc3 Nf1+ 41. Kg2 Nd2 42. b5 Nc4 43. Kg3 Qe6 44. Qd4 Nd6 45. b6 h5 46. Qf4 hxg4 47. Qxg4 Qd5 48. Kg2 Kg8 49. h4 1-0

[Event "Ramco Open 2018"]
[Site "Virudhunagar"]
[Date "2018.12.02"]
[Round "8"]
[White "Srihari L R"]
[Black "Balaji Sekar"]
[Result "1/2-1/2"]
[ECO "A14"]
[WhiteElo "2282"]
[BlackElo "1189"]
[Annotator "NA"]
[PlyCount "93"]
[EventDate "2018.11.29"]
[EventType "swiss"]
[EventCountry "IND"]
[SourceTitle "playchess.com"]
[Source "ChessBase"]
[SourceQuality "1"]
[TimeControl "5400+30"]

1. Nf3 Nf6 2. c4 e6 3. b3 d5 4. Bb2 Be7 5. g3 O-O 6. Bg2 c5 7. O-O Nc6 8. e3 b6 9. Qe2 Bb7 {[%emt 0:01:30] LiveBook: 476 Games} 10. Rd1 dxc4 11. bxc4 Qc7 12. Nc3 a6 13. Rac1 Rfd8 14. d3 Rac8 15. Ne1 {[%emt 0:05:48] A14: English Opening: 1...e6 with b3 by White} (15. h3 Na5 16. Ne1 Bxg2 17. Nxg2 Qb7 18. a4 Nd7 19. f4 Bf6 20. g4 Nc6 21. g5 Be7 22. h4 Nb4 {1-0 (46) Dubov,D (2629)-Dragun,K (2530) Warsaw 2013}) 15... Na5 $146 ({Predecessor:} 15... Na7 16. f4 b5 17. g4 b4 18. Nb1 Nd7 19. g5 e5 20. Bxb7 Qxb7 21. fxe5 Bxg5 22. Nd2 Rc6 {½-½ (64) Contin,D (2275)-Amura,C (2080) Buenos Aires 1987}) 16. f4 Bc6 17. a4 Nd7 18. Qc2 Bf6 19. Rb1 Nb8 20. g4 Bxg2 21. Qxg2 Qc6 22. Qc2 h6 23. Ne2 Bxb2 24. Rxb2 Qc7 25. Ng3 Nbc6 $11 26. Qc3 Rb8 27. Rg2 e5 28. Nf3 exf4 29. Nh5 f6 30. Nxf4 Nd4 31. Rf1 Nxf3+ 32. Rxf3 b5 33. Nd5 b4 34. Qe1 Qd6 35. Rgf2 Rf8 36. Qb1 Nc6 37. d4 Ne7 38. dxc5 Qxc5 39. Qb3 Nxd5 40. cxd5 Qc3 41. Qxc3 bxc3 42. Rc2 Rfc8 43. d6 Rb4 44. Rf4 Rb1+ 45. Rf1 Rb4 46. Rf4 Rb1+ 47. Rf1 1/2-1/2

[Event "Ramco Open 2018"]
[Site "Virudhunagar"]
[Date "2018.12.02"]
[Round "8"]
[White "Prasannaa.s"]
[Black "Muthaiah AL"]
[Result "0-1"]
[ECO "D04"]
[WhiteElo "2218"]
[BlackElo "2408"]
[Annotator "NA"]
[PlyCount "118"]
[EventDate "2018.11.29"]
[EventType "swiss"]
[EventCountry "IND"]
[SourceTitle "playchess.com"]
[Source "ChessBase"]
[SourceQuality "1"]
[TimeControl "5400+30"]

1. d4 d5 2. Nf3 Nf6 3. e3 g6 4. b3 Bg7 5. Bb2 {[%emt 0:00:07] LiveBook: 53 Games} O-O 6. Nbd2 Nbd7 7. Bd3 c5 8. O-O b6 {[%emt 0:01:10] D04: Colle System} 9. dxc5 $146 ({Predecessor:} 9. c4 Bb7 10. Qe2 cxd4 11. exd4 dxc4 12. bxc4 Re8 13. Rad1 Qc7 14. Rfe1 Rac8 15. Ne5 Nxe5 16. dxe5 Nd7 17. Nb3 Nc5 18. Nxc5 Qxc5 {1-0 (31) Nakamura,H (2786)-Caruana,F (2802) chess.com INT 2017}) 9... Nxc5 10. b4 Nce4 11. c4 Bb7 12. Rc1 Rc8 13. Nb3 $2 {[%emt 0:02:47] [#]} (13. Qb3 $11) 13... dxc4 (13... Nxf2 $1 $19 14. Rxf2 dxc4 {[%mdl 64] Discovered Attack} 15. Bxf6 Bxf6 16. Bxc4 Rxc4 17. Qxd8 Rxc1+ 18. Nxc1 Rxd8) 14. Bxc4 {[%emt 0:01:08] [#]} (14. Rxc4 $17 Rxc4 15. Bxc4) 14... Qxd1 $1 15. Rfxd1 Nd6 16. Bd3 Nd5 17. Bxg7 Kxg7 18. a3 $1 Nc3 19. Rd2 Ncb5 20. a4 Rxc1+ 21. Nxc1 Rc8 22. Rc2 $1 Nc3 23. a5 $1 Bxf3 24. gxf3 Nd5 25. Rxc8 Nxc8 26. Na2 Nd6 27. Be4 Nc7 28. Bc6 bxa5 29. bxa5 Nc4 30. a6 $1 Na5 31. Bb7 $1 Kf6 32. Bc8 Ke5 33. Nc3 f6 34. Kf1 Nb3 35. Ne4 {[%emt 0:03:13] [#]} Kd5 $1 36. Bb7+ {[%emt 0:02:07] [#]} Kc4 $1 37. Ke2 Nc5 38. Nxc5 Kxc5 39. f4 Kb6 40. Kf3 Nxa6 41. Bd5 Nb4 42. Bg8 {[%emt 0:00:04] [#]} h6 $1 43. Bh7 a5 44. Bxg6 a4 45. Kg4 a3 46. Bb1 Kc5 ({Not} 46... a2 {[#]} 47. Bxa2 $1 Nxa2 48. Kh5 $11) 47. Kh5 Kc4 ({Not} 47... a2 {[#]} 48. Bxa2 $1 Nxa2 49. Kxh6 $11) 48. Kxh6 Kc3 49. h4 Kb2 ({Wrong is} 49... a2 $2 {[#]} 50. Bxa2 $1 Kd2 51. h5 $18) 50. h5 Kxb1 51. Kg7 a2 52. h6 a1=Q 53. h7 f5+ 54. Kg8 Nd3 55. f3 Kc2 56. h8=Q Qxh8+ 57. Kxh8 Kd2 58. e4 fxe4 59. fxe4 Nxf4 0-1

[Event "Ramco Open 2018"]
[Site "Virudhunagar"]
[Date "2018.12.02"]
[Round "8"]
[White "Syed Anwar, Shazuli"]
[Black "Rao J., Malleswara"]
[Result "1-0"]
[ECO "A49"]
[WhiteElo "2174"]
[BlackElo "1988"]
[Annotator "NA"]
[PlyCount "103"]
[EventDate "2018.11.29"]
[EventType "swiss"]
[EventCountry "IND"]
[SourceTitle "playchess.com"]
[Source "ChessBase"]
[SourceQuality "1"]
[TimeControl "5400+30"]

1. Nf3 Nf6 2. g3 g6 3. b3 Bg7 4. Bb2 d6 5. d4 O-O 6. Bg2 c6 7. O-O a5 8. a4 Na6 9. Nbd2 {[%emt 0:00:40] LiveBook: 18 Games A49: 1 d4 Nf6 2 Nf3 g6 3 g3: Anti-King's Indian systems} h6 $146 ({Predecessor:} 9... d5 10. Re1 Bf5 11. Nh4 {½-½ (11) Pavlov,S (2502)-Manolache,M (2505) Corund 2017}) 10. e4 d5 11. Ne5 dxe4 12. Nxe4 Nxe4 13. Bxe4 Bxe5 14. dxe5 Qxd1 15. Rfxd1 Nc5 16. Bf3 Bf5 17. Rd2 Rfd8 18. Rad1 Rxd2 19. Rxd2 Kf8 20. g4 Be6 21. Bd4 Nd7 22. Bc3 Nb6 23. h3 Bd5 24. Bd4 Bxf3 25. Bxb6 Ke8 26. c4 h5 27. Rd4 hxg4 28. hxg4 c5 29. Bxc5 Ra6 30. Kh2 f6 31. exf6 Rxf6 32. Kg3 Bc6 33. Rd3 Re6 34. f3 Kf7 35. Kf2 $16 Rf6 36. Ke2 e5 37. Re3 g5 38. Bb6 e4 39. fxe4 Bd7 40. Bxa5 Bxg4+ 41. Kd2 Rf3 42. Bb6 Ke6 43. a5 Bh5 44. b4 Rxe3 45. Kxe3 g4 46. Bc7 Kd7 47. Bg3 Bf7 48. Kd4 Bg6 49. b5 Bf7 50. c5 Kc8 51. c6 bxc6 52. bxc6 1-0

[Event "Ramco Open 2018"]
[Site "Virudhunagar"]
[Date "2018.12.02"]
[Round "8"]
[White "Anilkumar, O.T."]
[Black "Kunal, M.."]
[Result "0-1"]
[ECO "B13"]
[WhiteElo "2025"]
[BlackElo "2233"]
[Annotator "NA"]
[PlyCount "108"]
[EventDate "2018.11.29"]
[EventType "swiss"]
[EventCountry "IND"]
[SourceTitle "playchess.com"]
[Source "ChessBase"]
[SourceQuality "1"]
[TimeControl "5400+30"]

1. e4 c6 2. d4 d5 3. exd5 cxd5 4. Bd3 Nc6 5. c3 Qc7 {[%emt 0:03:16] LiveBook: 799 Games} 6. Nf3 Bg4 7. Be3 {[%emt 0:00:43] B13: Caro-Kann: Exchange Variation and Panov-Botvinnik Attack} (7. O-O e6 8. h3 Bh5 9. Re1 Bd6 10. Nbd2 Nf6 11. Nf1 O-O 12. Bg5 Rab8 13. Qe2 Rfe8 14. Qe3 Bg6 15. Ne5 Nxe5 16. dxe5 {½-½ (48) Bocharov,I (2534)-Ovetchkin,R (2540) Cheliabinsk 2017}) 7... e6 8. Nbd2 Bd6 9. Qa4 $146 ({Predecessor:} 9. h3 Bh5 10. O-O Nf6 11. Qc2 O-O 12. Rfe1 Rac8 13. a3 Bg6 14. Bxg6 hxg6 15. Bg5 {½-½ (15) Hug,M (2257)-Dittmar,P (2382) Bad Woerishofen 2009}) 9... Nge7 10. h3 Bh5 11. O-O Nf5 12. Rfe1 Nxe3 13. Rxe3 Bf4 14. Ree1 O-O-O 15. Be2 g5 16. Nf1 Rhg8 (16... Bxf3 $5 17. Bxf3 h5 $11) 17. Ne5 Bxe2 18. Nxc6 Qxc6 19. Qxc6+ bxc6 20. Rxe2 h5 21. g3 Bd6 22. Rc1 Kd7 23. c4 Rb8 24. b3 a5 25. Rc3 {[%emt 0:04:09] [#]} a4 $1 26. cxd5 cxd5 27. Nd2 Rgc8 28. Rxc8 Rxc8 29. bxa4 Ra8 30. Nb3 Rxa4 31. Kf1 g4 32. hxg4 hxg4 33. Ke1 f6 34. Rc2 e5 35. Ke2 Ke6 36. Kd3 Ra8 37. Ke3 Ra7 38. Kd3 e4+ 39. Ke2 f5 40. Ke3 f4+ 41. gxf4 Kf5 42. Ke2 Bxf4 43. Nc5 Rh7 44. Rc3 Rh2 45. Kf1 {[%emt 0:00:02] [#]} e3 (45... g3 $1 $19 46. fxg3 {[#]} Bc1 $1 ) 46. fxe3 Bd6 47. Nb7 Bb4 48. Rb3 Be7 49. Nc5 $1 Rxa2 50. Rb7 Bxc5 51. dxc5 $11 Ke4 52. Rb4+ Kf3 53. Rf4+ Kxe3 54. Rxg4 Kf3 0-1